 Dungeon Sprint DCSS version 0.31-a0-716-gc7603755dd (webtiles) character file.

Game seed: 12458794353187878105

1495 rocky1 the Fighter (level 8, -7/104 HPs)
             Began as an Ogre Berserker on Sept 11, 2023.
             Was a High Priest of Trog.
             Shot with an arrow by a centaur warrior (31 damage)
             ... in the Dungeon (Sprint IX: "|||||||||||||||||||||||||||||").
             The game lasted 00:01:18 (261 turns).

rocky1 the Fighter (Ogre Berserker)                  Turns: 261, Time: 00:01:18

Health: -7/104     AC: 13    Str: 27    XL:     8   Next: 81%
Magic:  8/8        EV: 12    Int:  8    God:    Trog [*****.]
Gold:   0          SH:  0    Dex:  8    Spells: 7/7 levels left

rFire   . . .        k - +2 dire flail (protect)
rCold   . . .        (shield currently unavailable)
rNeg    . . .        b - +0 animal skin
rPois   .            (helmet restricted)
rElec   .            l - +0 cloak
rCorr   .            (gloves unavailable)
SInv    .            (boots unavailable)
Will    .....        (no amulet)
Stlth   +            n - +3 ring of strength
HPRegen 0.37/turn    m - +2 ring of protection
MPRegen 0.11/turn

%: no teleportation
@: under a protective aura, on berserk cooldown, hasted, invisible, very quick
A: large, unfitting armour, tough skin 1
a: Renounce Religion, Berserk, Trog's Hand, Brothers in Arms


You were in the Dungeon.
You worshipped Trog.
Trog was extremely pleased with you.
You visited 1 branch

Inventory:

Hand Weapons
 a - a +0 mace
 k - a +2 dire flail of protection (weapon)
Armour
 b - a +0 animal skin (worn)
 l - a +0 cloak (worn)
Jewellery
 m - a +2 ring of protection (right hand)
 n - a +3 ring of strength (left hand)
Wands
 j - a wand of light (10)
Scrolls
 h - 2 scrolls of blinking
Potions
 c - 3 potions of curing
 f - 4 potions of magic
 g - a potion of berserk rage


   Skills:
 + Level 13.7 Fighting
 + Level 11.5 Maces & Flails
 + Level 10.4 Dodging


You had 7 spell levels left.
You didn't know any spells.
Your spell library was empty.

Dungeon Overview and Level Annotations

Branches:
Dungeon (1/1)

Altars:
Cheibriados
Dithmenos
Elyvilon
Fedhas
Gozag
Hepliaklqana
Kikubaaqudgha
Makhleb
Nemelex Xobeh
Okawaru
Qazlal
Ru
Sif Muna
Trog
Uskayaw
Vehumet
Wu Jian
Xom
Yredelemnul
Zin
The Shining One
Jiyva
Lugonu


Innate Abilities, Weirdness & Mutations

You are too large for most types of armour.
You have tough skin. (AC +1)


Message History

The centaur warrior hits you but does no damage.
The centaur warrior kicks you.
The centaur warrior shoots an arrow.
The arrow hits the two-headed ogre!!
The two-headed ogre dies!
Unknown command.
You puncture the centaur warrior!
Your weapon exudes an aura of protection.
The centaur warrior is moderately wounded.
The centaur warrior barely misses you. The centaur warrior misses you.
The centaur warrior shoots an arrow.
The arrow closely misses the centaur warrior.
The arrow hits you!!
* * * LOW HITPOINT WARNING * * *
The centaur warrior hits you but does no damage.
The centaur warrior kicks you but does no damage.
You thump the centaur warrior!
The centaur warrior is heavily wounded.
The centaur warrior hits you but does no damage.
The centaur warrior kicks you.
* * * LOW HITPOINT WARNING * * *
Unknown command.
You sock the centaur warrior!
The centaur warrior is severely wounded.
You feel yourself speed up.
The centaur warrior shoots an arrow.
The arrow hits the centaur warrior!!
The centaur warrior dies!
Your Maces & Flails skill increases to level 11!
Your Dodging skill increases to level 10!
Unknown command.
The centaur warrior shoots an arrow.
The arrow hits you!
* * * LOW HITPOINT WARNING * * *
You see here a +0 orcbow.
The centaur warrior shoots an arrow.
The arrow barely misses you.
Things that are here:
a +0 giant club; a +0 giant club; a two-headed ogre corpse Unknown command.
You feel better.
Unknown command.
You feel better.
The centaur warrior shoots an arrow.
The arrow hits you!!
You die... ▓▓▓▓▓▓▓▓▓▓▓▓▓▓▓▓▓▓▓▓▓ .[.[..').))..)))@cy.+ ▓▓▓▓▓▓▓▓▓▓▓▓▓▓▓▓▓▓▓▓▓

You could see a centaur warrior (unable to see you) and a vampire mosquito (unable to see you).

Vanquished Creatures
  A two-headed ogre (D)
  A komodo dragon (D)
  2 centaurs (D)
  A killer bee (D)
  A howler monkey (D)
  A hound (D)
  An adder (D)
  A shadow imp (D)
  An ufetubus (D)
  A hobgoblin (D)
  A jackal (D)
  4 ball pythons (D)
16 creatures vanquished.

Vanquished Creatures (others)
  A centaur warrior (D)
  A two-headed ogre (D)
  A gargoyle (D)
  An orc wizard (D)
4 creatures vanquished.

Grand Total: 20 creatures vanquished

Notes
Turn   | Place    | Note
-------+----------+-------------------------------------------
     0 | D        | rocky1 the Ogre Berserker began the quest for the Orb.
     0 | D        | Reached XP level 1. HP: 24/24 MP: 1/1
    16 | D        | Reached ** piety under Trog
    88 | D        | Noticed a hound
    98 | D        | Killed a hound
    99 | D        | Reached skill level 6 in Fighting
    99 | D        | Reached XP level 2. HP: 37/37 MP: 2/2
    99 | D        | Reached XP level 3. HP: 45/45 MP: 3/3
   100 | D        | Reached *** piety under Trog
   108 | D        | Reached skill level 7 in Fighting
   108 | D        | Reached XP level 4. HP: 40/55 MP: 4/4
   162 | D        | Found a snail-covered altar of Cheibriados.
   162 | D        | Found a shadowy altar of Dithmenos.
   162 | D        | Found a white marble altar of Elyvilon.
   162 | D        | Found a blossoming altar of Fedhas.
   162 | D        | Found an opulent altar of Gozag.
   163 | D        | Found a hazy altar of Hepliaklqana.
   164 | D        | Found a viscous altar of Jiyva.
   165 | D        | Found an ancient bone altar of Kikubaaqudgha.
   166 | D        | Found a corrupted altar of Lugonu.
   167 | D        | Found a burning altar of Makhleb.
   168 | D        | Found a sparkling altar of Nemelex Xobeh.
   169 | D        | Found an iron altar of Okawaru.
   170 | D        | Found a stormy altar of Qazlal.
   171 | D        | Found a sacrificial altar of Ru.
   172 | D        | Found a shimmering blue altar of Sif Muna.
   173 | D        | Found a bloodstained altar of Trog.
   174 | D        | Found a hide-covered altar of Uskayaw.
   175 | D        | Found a radiant altar of Vehumet.
   176 | D        | Found an ornate altar of the Wu Jian Council.
   177 | D        | Found a shimmering altar of Xom.
   178 | D        | Found a basalt altar of Yredelemnul.
   179 | D        | Found a glowing silver altar of Zin.
   180 | D        | Found a glowing golden altar of the Shining One.
   214 | D        | Noticed a two-headed ogre
   214 | D        | Noticed a komodo dragon
   214 | D        | Noticed a centaur
   223 | D        | Killed a two-headed ogre
   223 | D        | Reached **** piety under Trog
   224 | D        | Reached skill level 11 in Fighting
   224 | D        | Reached XP level 5. HP: 42/74 MP: 5/5
   224 | D        | Reached XP level 6. HP: 46/83 MP: 6/6
   224 | D        | Reached XP level 7. HP: 50/89 MP: 7/7
   227 | D        | Reached skill level 12 in Fighting
   231 | D        | Killed a komodo dragon
   232 | D        | Reached skill level 10 in Maces & Flails
   232 | D        | Reached XP level 8. HP: 57/101 MP: 8/8
   241 | D        | Reached ***** piety under Trog
   245 | D        | Noticed a gargoyle
   245 | D        | Noticed a centaur warrior
   245 | D        | Noticed a two-headed ogre
   245 | D        | Noticed a centaur warrior
   249 | D        | Killed a gargoyle
   250 | D        | Reached skill level 13 in Fighting
   254 | D        | Killed a two-headed ogre
   257 | D        | Killed a centaur warrior
   258 | D        | Reached skill level 10 in Dodging
   261 | D        | Shot with an arrow by a centaur warrior

Illustrated notes

Levels and vault maps discovered:
D:        linesprint [early_d, line_temple, items_1, d_10, items_2, lair_1,
          lair_end, items_3, orc_1, orc_end, items_4, d_15, swamp_1, shoals_1,
          snake_1, spider_1, d_20, vaults_1, items_5, swamp_end, shoals_end,
          snake_end, spider_end, vaults_end, d_27, items_6, zot_1, zot_end,
          crypt_end, forest_end, elf_end, slime_end, tomb_end, abyss_end,
          pan_hell_end]

Skill      XL: |  1  2  3  4  5  6  7  8 |
---------------+-------------------------+-----
Maces & Flails | 4 9 10 11 | 11.5
Dodging        | 4 8 9 10 | 10.4
Fighting       | 6 7 11 12 13 | 13.7

Action                     |  1- 3 |  4- 6 |  7- 9 || total
---------------------------+-------+-------+-------++-------
  Melee: Mace              |    37 |     1 |       ||    38
         Dire flail        |       |     7 |    20 ||    27
 Invoke: Berserk           |     1 |     1 |       ||     2
    Use: Potion            |       |       |     7 ||     7
 Armour: Animal skin       |    28 |     6 |    42 ||    76
  Dodge: Dodged            |    20 |     3 |    24 ||    47

Table legend: (Time is in decaauts)
 A = Elapsed time spent in this place.
 B = Non-inter-level travel time spent in this place.
 C = Inter-level travel time spent in this place.
 D = Time resting spent in this place.
 E = Time spent auto-exploring this place.
 F = Levels seen in this place.
 G = Mean time per level.
                   A        B        C        D        E       F      G
               +--------+--------+--------+--------+--------+-----+--------+
         Total |    280 |    280 |      0 |    120 |      0 |   1 |  280.0 |
       Dungeon |    280 |    280 |      0 |    120 |      0 |   1 |  280.0 |
               +--------+--------+--------+--------+--------+-----+--------+

Top non-repeatable levels by time:
       D: 280 daAuts
